[Event "Elitserien Allsvenskan 2017-18"]
[Site "Lund"]
[Date "2017.10.22"]
[Round "3"]
[White "Cederstam Barsk, Carl"]
[Black "Tuomainen, Felix"]
[Result "1-0"]
[ECO "E06"]
[WhiteElo "2319"]
[BlackElo "2195"]
[Annotator "NA"]
[PlyCount "117"]
[EventDate "2017.??.??"]
[EventCountry "SWE"]
[SourceTitle "playchess.com"]
[Source "ChessBase"]
[SourceQuality "1"]
[TimeControl "40/5400+30:1800+30"]

1. d4 Nf6 2. c4 e6 3. Nf3 d5 4. g3 Be7 5. Bg2 O-O 6. O-O c6 7. Qc2 Nbd7 8. Rd1 a5 9. Be3 b5 10. cxb5 cxb5 11. Ne5 Bb7 12. Nc6 Bxc6 13. Qxc6 Qb6 14. Qc2 Rfc8 15. Qd3 b4 16. Nd2 Qa6 17. Qxa6 Rxa6 18. Rac1 Rac6 $11 19. Nb3 Bd8 20. Bd2 Kf8 21. e3 Ke8 22. f3 Rc2 23. Bf1 Bb6 24. a3 bxa3 25. bxa3 Rxc1 26. Rxc1 Rxc1 27. Bxc1 a4 28. Na1 e5 29. Nc2 exd4 30. exd4 Ne5 31. Bb5+ Ke7 32. Kf2 Ne8 33. Ke2 Nd6 34. Bxa4 Nec4 35. Kd3 Na5 36. Kc3 h6 37. g4 Ke6 38. Nb4 f5 39. h3 fxg4 40. hxg4 h5 41. Nd3 hxg4 42. Nf4+ Kf7 43. fxg4 Ne4+ 44. Kb4 Nf2 45. g5 Bd8 46. g6+ Kf6 47. Bc2 Ke7 48. Kc5 Ne4+ 49. Kxd5 Nf6+ 50. Kc5 Nb7+ 51. Kc6 Na5+ 52. Kb5 Nb7 53. Bd2 Kd7 54. Bf5+ Kc7 55. Ne6+ Kb8 56. Bf4+ Ka7 57. Nxd8 Nxd8 58. Bg5 Nb7 59. Kc6 1-0

[Event "Elitserien Allsvenskan 2017-18"]
[Site "Lund"]
[Date "2017.10.22"]
[Round "3"]
[White "Helgason, Reynir"]
[Black "Cederberg, Karl-Olof"]
[Result "1-0"]
[ECO "A50"]
[WhiteElo "2294"]
[BlackElo "2161"]
[Annotator "NA"]
[PlyCount "131"]
[EventDate "2017.??.??"]
[EventCountry "SWE"]
[SourceTitle "playchess.com"]
[Source "ChessBase"]
[SourceQuality "1"]
[TimeControl "40/5400+30:1800+30"]

1. d4 Nf6 2. c4 Nc6 3. Nf3 e6 4. Bg5 Bb4+ 5. Nc3 d6 {[%emt 0:00:14] E30: Nimzo-Indian: Leningrad Variation} (5... h6 6. Bh4 O-O 7. e3 Bxc3+ 8. bxc3 d6 9. Bd3 e5 10. Nd2 g5 11. Bg3 Re8 12. O-O Bg4 13. Qb1 Rb8 14. d5 Na5 15. f3 Bh5 16. Bf2 Kg7 {1-0 (59) Tan,Z (2496)-Arabidze,M (2379) Doha 2016}) 6. a3 Bxc3+ 7. bxc3 h6 8. Bh4 Qe7 9. e3 e5 10. Qc2 Bg4 $146 ({Predecessor:} 10... g5 11. Bg3 g4 12. d5 gxf3 13. dxc6 fxg2 14. Bxg2 {0-1 (44) Woischke,N-Oorebeek,E (2353) IECC-37 vs CIF-2 2000}) 11. Be2 O-O 12. h3 Bh5 13. g4 Bg6 14. Qb2 Be4 15. O-O g5 16. Bg3 Rab8 17. Rae1 Bg6 18. Nd2 Nd7 19. f4 f5 {[%emt 0:04:54] [#]} (19... gxf4 $14 20. exf4 exd4) 20. c5 $16 Qg7 21. cxd6 cxd6 22. Kh2 Nb6 23. fxg5 hxg5 24. gxf5 Bxf5 25. Rxf5 Rxf5 26. Rg1 Rbf8 27. Rg2 Kh8 28. Ne4 Qe7 29. Nf2 Nd5 30. e4 Rxf2 31. Rxf2 Rxf2+ 32. Bxf2 Nf4 33. d5 Qh7 34. Bf1 Nd8 35. Qb5 Nf7 36. Qxb7 Kg7 37. Qxa7 Nxh3 38. Bxh3 g4 39. Qe3 gxh3 40. Qxh3 Qxh3+ 41. Kxh3 Ng5+ 42. Kg2 Nxe4 43. Be1 Kf6 44. c4 Ke7 45. Bb4 Nf6 46. a4 Nd7 47. a5 Nb8 48. Kf3 Na6 49. Ba3 Kd7 50. Ke4 Kc7 51. Kd3 Nb8 52. Kc3 Nd7 53. Kb4 Nc5 54. Kb5 Ne4 55. a6 Nc3+ 56. Ka5 Ne4 57. Bb4 Kb8 58. Kb6 Ka8 59. a7 Nf6 60. Bxd6 e4 61. Bg3 e3 62. d6 e2 63. Kc6 Kxa7 64. d7 Nxd7 65. Kxd7 Kb6 66. Kd6 1-0

[Event "Elitserien Allsvenskan 2017-18"]
[Site "Lund"]
[Date "2017.10.22"]
[Round "3"]
[White "Henriksson, Johan"]
[Black "Kucuksari, Kaan"]
[Result "1/2-1/2"]
[ECO "E01"]
[WhiteElo "2292"]
[BlackElo "2315"]
[Annotator "NA"]
[PlyCount "119"]
[EventDate "2017.??.??"]
[EventCountry "SWE"]
[SourceTitle "playchess.com"]
[Source "ChessBase"]
[SourceQuality "1"]
[TimeControl "40/5400+30:1800+30"]

1. d4 Nf6 2. c4 e6 3. g3 d5 4. Bg2 c6 5. Nf3 Nbd7 6. O-O Be7 7. Nc3 O-O 8. Nd2 c5 9. dxc5 d4 10. Na4 Nxc5 $16 11. Nf3 d3 12. exd3 Nxd3 13. Be3 e5 14. Qb3 Bg4 15. Ne1 Be2 16. Nxd3 Qxd3 17. Rfc1 Qxb3 18. axb3 e4 19. Bd4 Bd3 20. Nc3 a6 21. Re1 Rfe8 22. Bxe4 Nxe4 23. Nxe4 Bb4 24. Nc3 Bc2 25. Rxe8+ Rxe8 26. Nd5 Bf8 27. b4 Bb3 28. Rc1 Re4 29. Bc5 Rxc4 30. Rxc4 Bxc4 31. Ne7+ Bxe7 32. Bxe7 f6 33. f4 Kf7 34. Bc5 Ke6 35. Bd4 Kd5 36. Bc3 Ke4 37. Kf2 Bb5 38. Bd2 Kd3 39. Bc3 h5 40. h4 Bc6 41. Be1 Bh1 42. Bc3 Be4 43. Be1 Bf5 44. Bc3 b6 45. Be1 Kc4 46. Ke3 Kb5 47. Kd4 Be6 48. Kc3 Kc6 49. Kd4 Kb5 50. Kc3 a5 51. bxa5 bxa5 52. Kd4 a4 53. Bc3 Bb3 54. Bd2 Kc6 55. Bb4 Kd7 56. Bf8 Bc2 57. Bxg7 Ke7 58. f5 Bxf5 59. Bh6 Ke6 60. Bf4 {[%emt 0:00:00] Ke5+ Ke4+} 1/2-1/2

[Event "Elitserien Allsvenskan 2017-18"]
[Site "Lund"]
[Date "2017.10.22"]
[Round "3"]
[White "Ong, Kezli"]
[Black "Agrest, Inna"]
[Result "1-0"]
[ECO "C50"]
[WhiteElo "2291"]
[BlackElo "2271"]
[Annotator "NA"]
[PlyCount "63"]
[EventDate "2017.??.??"]
[EventCountry "SWE"]
[SourceTitle "playchess.com"]
[Source "ChessBase"]
[SourceQuality "1"]
[TimeControl "40/5400+30:1800+30"]

1. e4 e5 2. Nf3 Nc6 3. Bc4 Nf6 4. d3 Bc5 5. c3 a6 6. Bb3 Ba7 7. O-O d6 8. Re1 O-O 9. h3 $11 Ne7 10. Nbd2 Ng6 11. Nf1 c6 12. Ng3 h6 13. d4 b5 14. Be3 c5 15. Qd2 Bb6 16. Bxh6 c4 17. Bc2 gxh6 18. Qxh6 Re8 19. Nf5 Bxf5 20. exf5 Nf4 21. Rad1 Nd3 22. Bxd3 cxd3 23. Nxe5 dxe5 24. Rxd3 Nh5 25. Ree3 Nf4 26. f6 Qxf6 27. Qxf6 Nxd3 28. Rxd3 Bd8 29. Rg3+ Kf8 30. Qd6+ Re7 31. Qh6+ Ke8 32. Qc6+ 1-0

[Event "Elitserien Allsvenskan 2017-18"]
[Site "Lund"]
[Date "2017.10.22"]
[Round "3"]
[White "Andersson, Fredrik"]
[Black "Mauritsson, Sebastian"]
[Result "1/2-1/2"]
[ECO "E94"]
[WhiteElo "2286"]
[BlackElo "2331"]
[Annotator "NA"]
[PlyCount "46"]
[EventDate "2017.??.??"]
[EventCountry "SWE"]
[SourceTitle "playchess.com"]
[Source "ChessBase"]
[SourceQuality "1"]
[TimeControl "40/5400+30:1800+30"]

1. d4 Nf6 2. c4 g6 3. Nc3 Bg7 4. e4 d6 5. Nf3 O-O $14 6. Be2 e5 7. O-O exd4 8. Nxd4 Re8 9. f3 Nc6 10. Be3 Nh5 11. Nxc6 bxc6 12. Qd2 c5 13. Rad1 Bb7 14. g4 Nf6 15. Bg5 Qc8 16. Nd5 Bxd5 17. cxd5 Qb7 18. Rb1 Nd7 19. Kg2 Rab8 20. b3 Rf8 21. Be7 Rfe8 22. Bg5 Rf8 23. Be7 Rfe8 1/2-1/2

[Event "Elitserien Allsvenskan 2017-18"]
[Site "Lund"]
[Date "2017.10.22"]
[Round "3"]
[White "Malm Lindberg, Henrik"]
[Black "Hansen, Mads"]
[Result "0-1"]
[ECO "C96"]
[WhiteElo "2229"]
[BlackElo "2393"]
[Annotator "NA"]
[PlyCount "68"]
[EventDate "2017.??.??"]
[EventCountry "SWE"]
[SourceTitle "playchess.com"]
[Source "ChessBase"]
[SourceQuality "1"]
[TimeControl "40/5400+30:1800+30"]

1. e4 e5 2. Nf3 Nc6 3. Bb5 a6 4. Ba4 Nf6 $14 5. O-O Be7 6. Re1 b5 7. Bb3 O-O 8. c3 d6 9. h3 Na5 10. Bc2 c5 11. d4 Nd7 12. dxc5 dxc5 13. Nbd2 Bb7 14. Nf1 Nc4 15. Ng3 Nd6 16. h4 Qc7 17. Bg5 Rfe8 18. Nh2 Rad8 19. Qg4 Nf6 20. Bxf6 Bxf6 21. Nh5 Qe7 22. Nf1 g6 23. Nxf6+ Qxf6 24. Ne3 h5 25. Qg5 Nxe4 26. Bxe4 Qxg5 27. hxg5 Bxe4 28. Rad1 Bd3 29. f3 e4 30. f4 f6 31. gxf6 Rf8 32. g3 Rxf6 33. Nc2 h4 34. Rxe4 Rfd6 0-1

[Event "Elitserien Allsvenskan 2017-18"]
[Site "Lund"]
[Date "2017.10.22"]
[Round "3"]
[White "Eklund, Joel"]
[Black "Thornblad, Erik"]
[Result "0-1"]
[ECO "A45"]
[WhiteElo "2226"]
[BlackElo "2087"]
[Annotator "NA"]
[PlyCount "78"]
[EventDate "2017.??.??"]
[EventCountry "SWE"]
[SourceTitle "playchess.com"]
[Source "ChessBase"]
[SourceQuality "1"]
[TimeControl "40/5400+30:1800+30"]

1. d4 Nf6 2. Bg5 e6 3. e3 c5 4. Nd2 d5 5. c3 Nc6 6. f4 Be7 7. Bd3 Bd7 8. Ngf3 Rc8 9. O-O cxd4 10. exd4 O-O 11. Qe2 a6 12. Ne5 b5 13. Rf3 ({Jedoch nicht} 13. Bxf6 $6 Bxf6 14. Nxd7 (14. Qh5 g6 $11) 14... Qxd7 $14) 13... g6 14. h4 $16 ({White should play} 14. a3) 14... b4 15. Bxa6 bxc3 16. bxc3 Rb8 17. a4 Rb2 18. Bxf6 Bxf6 19. Nxd7 Qxd7 20. Bb5 Nxd4 21. cxd4 Bxd4+ 22. Kf1 Rxb5 23. Qxb5 Qxb5+ 24. axb5 Bxa1 25. Nb3 Bf6 26. Na5 Rb8 27. Rb3 Bxh4 28. Nc6 Rb6 29. Ne5 Rb7 30. Ke2 Be7 31. Kd3 Kf8 32. Kd4 Ke8 33. b6 Bd6 34. g3 h5 35. Nc6 Kd7 36. Na5 Rb8 37. Rb1 h4 38. gxh4 Bxf4 39. Kc5 Be3+ {[%emt 0:00:21] Kd4} 0-1

[Event "Elitserien Allsvenskan 2017-18"]
[Site "Lund"]
[Date "2017.10.22"]
[Round "3"]
[White "Johansson, Thomas"]
[Black "Jaderberg, Bjorn"]
[Result "1/2-1/2"]
[ECO "A04"]
[WhiteElo "2221"]
[BlackElo "2151"]
[Annotator "NA"]
[PlyCount "147"]
[EventDate "2017.??.??"]
[EventCountry "SWE"]
[SourceTitle "playchess.com"]
[Source "ChessBase"]
[SourceQuality "1"]
[TimeControl "40/5400+30:1800+30"]

1. Nf3 e6 2. g3 f5 3. Bg2 Nf6 4. d3 d5 5. O-O Bd6 6. c4 {[%emt 0:01:28] A04: Unusual lines after 1 Nf3 and King's Indian Attack} c6 (6... dxc4 7. dxc4 O-O 8. Nc3 Nc6 9. e4 e5 10. Bg5 Kh8 11. exf5 Bxf5 12. Nh4 Be6 13. Nd5 Qd7 14. Nxf6 gxf6 {0-1 (53) Kramnik,V (2812)-Carlsen,M (2855) Leuven 2016}) 7. Qb3 $146 ({Predecessor:} 7. b3 O-O 8. Ba3 Bxa3 9. Nxa3 Bd7 10. Nc2 Be8 11. Ncd4 Qe7 12. cxd5 cxd5 13. Rc1 Nc6 14. Nxc6 Bxc6 {1-0 (57) Demidov,M (2524)-Vykouk,J (2430) Pardubice 2017}) 7... Qb6 8. Qxb6 axb6 9. Be3 Nbd7 10. Nd4 Ne5 11. cxd5 exd5 12. Nc3 Bd7 13. Nb3 Ra6 14. Rfd1 Kf7 15. Bg5 Bb4 16. a3 Bxc3 17. bxc3 Rha8 18. Bf4 Ng6 19. Bc1 Re8 20. Kf1 Ra4 21. Bb2 f4 22. Nd2 Ng4 23. Nf3 $11 h6 24. Rd2 N6e5 25. Nxe5+ Nxe5 26. Rb1 Bf5 27. Rc1 b5 28. Kg1 g5 29. Rf1 h5 30. Bc1 h4 31. Rb2 Kf6 32. Rb4 f3 33. Bxf3 Nxf3+ 34. exf3 Bxd3 35. Rd1 Bc2 36. Rf1 h3 37. Rg4 Rxg4 38. fxg4 Re2 39. Be3 Be4 40. Bd4+ Kg6 41. f3 Bd3 42. Kh1 Ra2 43. Re1 Be2 44. Kg1 Kf7 45. Kf2 Bc4+ 46. Kg1 Rxa3 47. Re7+ Kf8 48. Bc5 Rb3 49. Rh7+ Kg8 50. Rxh3 Rxc3 51. Rh5 Rxf3 52. Rxg5+ Kf7 53. Rf5+ Rxf5 54. gxf5 b6 55. Bxb6 b4 56. Kf2 b3 57. Bd4 c5 58. Bb2 d4 59. g4 Bd5 60. g5 Be4 61. f6 Ke6 62. Ke2 Bg6 63. Kd2 Kf5 64. Ba3 c4 65. Bb2 Ke4 66. h4 Kd5 67. Ba1 Bf7 68. Bb2 Ke5 69. Ba1 c3+ 70. Bxc3 dxc3+ 71. Kxc3 Kf5 72. Kb2 Kg6 73. Kc3 Kh5 74. Kb2 1/2-1/2

[Event "Elitserien Allsvenskan 2017-18"]
[Site "Lund"]
[Date "2017.10.22"]
[Round "3"]
[White "Svensson, Mans"]
[Black "Penalver, Osmani"]
[Result "1/2-1/2"]
[ECO "E21"]
[WhiteElo "2166"]
[BlackElo "2240"]
[Annotator "NA"]
[PlyCount "70"]
[EventDate "2017.??.??"]
[EventCountry "SWE"]
[SourceTitle "playchess.com"]
[Source "ChessBase"]
[SourceQuality "1"]
[TimeControl "40/5400+30:1800+30"]

1. d4 Nf6 2. c4 e6 3. Nc3 Bb4 4. Nf3 b6 5. Bg5 h6 6. Bh4 g5 7. Bg3 Ne4 8. Qc2 Bb7 9. e3 Bxc3+ 10. bxc3 d6 $11 11. Bd3 Nxg3 12. fxg3 c5 13. O-O Qe7 14. Nd2 Nc6 15. Ne4 O-O-O 16. Nf6 Kb8 17. Rae1 Rc8 18. Qf2 Rc7 19. g4 Na5 20. d5 exd5 21. Nxd5 Bxd5 22. cxd5 c4 23. Bc2 Qe5 24. Qf6 Re7 25. Rf5 Qxf6 26. Rxf6 Nb7 27. e4 Kc7 28. Ref1 Nd8 29. R1f3 h5 30. Rh3 h4 31. g3 Re5 32. gxh4 gxh4 33. Rhf3 Kd7 34. h3 Ke7 35. Kf2 Rh7 1/2-1/2